 Dungeon Crawl Stone Soup version 0.19-a0-1260-gc94d3f7 (webtiles) character file.

25 TheGoonsmith the Chiller (level 2, -4/17 HPs)
             Began as a High Elf Ice Elementalist on Aug 28, 2016.
             Slain by a worm (6 damage)
             ... on level 2 of the Dungeon.
             The game lasted 00:01:32 (991 turns).

TheGoonsmith the Chiller (High Elf Ice Elementalist) Turns: 991, Time: 00:01:33

Health: -4/17      AC:  3    Str:  7    XL:     2   Next: 82%
Magic:  1/6        EV: 12    Int: 18    God:
Gold:   65         SH:  0    Dex: 15    Spells: 1 memorised, 5 levels left

rFire  . . .     SeeInvis .     i - +0 mace
rCold  . . .     Gourm    .     q - +0 leather armour
rNeg   . . .     Faith    .     (no shield)
rPois  .         Spirit   .     (no helmet)
rElec  .         Dismiss  .     (no cloak)
rCorr  .         Reflect  .     (no gloves)
MR     .....     Harm     .     (no boots)
Stlth  ++........               (no amulet)
                                (no ring)
                                (no ring)

@: very slightly contaminated
A: no striking features
a: no special abilities


You were on level 2 of the Dungeon.
You were not hungry.

You visited 1 branch of the dungeon, and saw 2 of its levels.

You collected 65 gold pieces.

Inventory:

Hand Weapons
 e - a +0 dagger
 i - a +0 mace (weapon)
Armour
 a - a +0 robe
 q - a +0 leather armour (worn)
Jewellery
 o - a cursed ring of teleportation {unknown}
Scrolls
 d - 5 scrolls of remove curse {unknown}
 h - a scroll of identify {unknown}
 k - a scroll of magic mapping {unknown}
 l - a scroll of blinking {unknown}
 n - 3 scrolls of teleportation {unknown}
Potions
 f - 2 potions of degeneration {unknown}
 g - a potion of lignification {unknown}
 m - a potion of mutation {unknown}
 p - 2 potions of curing {unknown}
Books
 b - a book of Frost

   Spells                             Type                      Level
   a - Freeze                         Ice                          1
   b - Throw Frost                    Conjuration/Ice              2
   c - Ozocubu's Armour               Charms/Ice                   3
   d - Throw Icicle                   Conjuration/Ice              4
   e - Summon Ice Beast               Ice/Summoning                4
Comestibles
 c - 3 bread rations
 j - a slice of pizza


   Skills:
 - Level 2.1 Dodging
 - Level 2.1 Stealth
 - Level 2.5 Spellcasting
   Level 1.1 Conjurations
 * Level 4.0 Ice Magic


You had 5 spell levels left.
You knew the following spells:

 Your Spells              Type           Power        Failure   Level  Hunger
a - Freeze                Ice            ###.         6%          1    #......


Dungeon Overview and Level Annotations

Branches:
Dungeon (2/15)

Altars:


Message History

You freeze the worm.
The worm is lightly wounded.
Casting: Freeze
Confirm with . or Enter, or press ? or * to list all spells.
Aiming: Freeze
Press: ? - help, Shift-Dir - straight line, f/p - worm
Aim: a worm (lightly wounded)
You miscast Freeze.
You are very lightly contaminated with residual magic.
A chill runs through your body. The worm bites you!
* * * LOW HITPOINT WARNING * * *
Casting: Freeze
Confirm with . or Enter, or press ? or * to list all spells.
Aiming: Freeze
Press: ? - help, Shift-Dir - straight line, f/p - worm
Aim: a worm (lightly wounded)
You freeze the worm.
The worm is heavily wounded.
The worm bites you.
You die...

#.................#.
#..........##<#.#.##
#####..####.............
...... ................#
......##.####...##.##..#
..........###.......#..#
................###.....
.......w$...##........†.
.......@................
........................
.......†....##.##..#..##
...##.......##.....#....
.. #####.####..#..#....
. #.# #.....#.... #.#
#..#..#.... #######.#
#...(.+....
#.......#####'#.##....


You could see a worm.

Vanquished Creatures
  A dart slug (D:1)
  A giant gecko (D:2)
  A bat (D:2)
  2 giant cockroaches (D:1)
  2 goblins (D:1)
  2 jackals (D:1)
  2 giant newts (D:1)
  7 kobolds
  5 rats
23 creatures vanquished.

Notes
Turn   | Place    | Note
-------+----------+-------------------------------------------
     0 | D:1      | TheGoonsmith the High Elf Ice Elementalist began the quest for the Orb.
     0 | D:1      | Reached XP level 1. HP: 11/11 MP: 4/4
   192 | D:1      | Reached XP level 2. HP: 15/17 MP: 2/6
   851 | D:2      | Reached skill level 4 in Ice Magic
   991 | D:2      | Slain by a worm

Vault maps used:
D:1:      dpeg_arrival_chase, minmay_tetromino_s4
D:2:      first_bread, st_stairs_1

Skill      XL: |  1  2 |
---------------+-------+-----
Ice Magic      | 4 |  4.0
Dodging        | |  2.1
Stealth        | |  2.1
Spellcasting   | |  2.5
Conjurations   | |  1.1

Action                   || total
-------------------------++-------
Melee: Dagger            ||    12
       Mace              ||     3
 Cast: Freeze            ||    31
Armor: Robe              ||     5
       Leather armour    ||     1
Dodge: Dodged            ||    26
